 Dungeon Crawl Stone Soup version 0.28-b1-1-g3c77fb2ed1 (webtiles) character file.

Game seed: 852651236151465862

1684 zeram the Sneak (level 9, -3/65 HPs)
             Began as a Gnoll Enchanter on Jan 29, 2022.
             Was a Believer of Dithmenos.
             Slain by Joseph (8 damage)
             ... on level 7 of the Dungeon.
             The game lasted 00:15:22 (8105 turns).

zeram the Sneak (Gnoll Enchanter)                   Turns: 8105, Time: 00:15:22

Health: -3/65      AC:  4    Str:  8    XL:     9   Next: 2%
Magic:  8/18       EV: 15    Int: 18    God:    Dithmenos [**....]
Gold:   295        SH:  0    Dex: 19    Spells: 10/20 levels left

rFire   + . .      SeeInvis .   a - +3 dagger (elec)
rCold   . . .      Faith    .   (no shield)
rNeg    . . .      Spirit   .   b - +0 robe
rPois   .          Reflect  .   (no helmet)
rElec   .          Harm     .   n - +0 cloak
rCorr   .          Rampage  .   (no gloves)
Will    .....                   l - +0 pair of boots
Stlth   +++++.....              (no amulet)
HPRegen 0.20/turn               j - +6 ring of dexterity
MPRegen 0.16/turn               k - ring of protection from fire

@: on blink cooldown, very slightly contaminated, wreathed by umbra
A: fangs 1, strong nose, distributed training
a: Renounce Religion, Shadow Step


You were on level 7 of the Dungeon.
You worshipped Dithmenos.
Dithmenos was pleased with you.
You visited 2 branches of the dungeon, and saw 8 of its levels.
You also visited: Ossuary.

You collected 295 gold pieces.

Inventory:

Hand Weapons
 a - a +3 dagger of electrocution (weapon)
 c - the +6 falchion "Ehikloa" {pain, +Blink}
   (You found it on level 5 of the Dungeon)

   In the hands of one skilled in necromantic magic, it inflicts extra damage on
   living creatures.
   +Blink:    It lets you blink.
Missiles
 i - 11 poisoned darts (quivered)
Armour
 b - a +0 robe (worn)
 l - a +0 pair of boots (worn)
 n - a +0 cloak (worn)
 p - a +0 pair of boots
Jewellery
 j - a +6 ring of dexterity (left hand)
 k - a ring of protection from fire (right hand)
Scrolls
 o - 3 scrolls of teleportation
 q - a scroll of summoning
 r - 2 scrolls of fear
Potions
 d - 4 potions of degeneration
 e - a potion of might {unknown}
 f - 5 potions of curing
 g - a potion of magic
 h - 2 potions of haste
 m - 3 potions of lignification
 t - a potion of mutation {unknown}
 v - a potion of heal wounds {unknown}


   Skills:
 + Level 3.8 Fighting
 + Level 4.6 Short Blades
 + Level 3.8 Long Blades
 + Level 3.8 Axes
 + Level 3.8 Maces & Flails
 + Level 3.8 Polearms
 + Level 3.8 Staves
 + Level 3.8 Slings
 + Level 3.8 Bows
 + Level 3.8 Crossbows
 + Level 3.8 Throwing
 + Level 3.8 Armour
 + Level 6.0 Dodging
 + Level 7.1 Stealth
 + Level 3.8 Shields
 + Level 3.8 Unarmed Combat
 + Level 6.3 Spellcasting
 + Level 3.1 Conjurations
 + Level 6.3 Hexes
 + Level 3.1 Summonings
 + Level 3.1 Necromancy
 + Level 3.1 Translocations
 + Level 3.1 Transmutations
 + Level 3.1 Fire Magic
 + Level 3.1 Ice Magic
 + Level 3.1 Air Magic
 + Level 3.1 Earth Magic
 + Level 3.1 Poison Magic
 + Level 4.1 Invocations
 + Level 3.8 Evocations


You had 10 spell levels left.
You knew the following spells:

 Your Spells              Type           Power      Damage    Failure   Level
a - Ensorcelled Hibernat  Hex/Ice        44%        N/A       2%          2
b - Tukima's Dance        Hex            28%        N/A       2%          3
c - Dazzling Flash        Conj/Hex       44%        N/A       4%          3
d - Blink                 Tloc           32%        N/A       4%          2

Your spell library contained the following spells:

 Spells                   Type           Power      Damage    Failure   Level
 Confusing Touch          Hex            28%        N/A       2%          3
 Beastly Appendage        Tmut           32%        N/A       3%          1
 Summon Small Mammal      Summ           64%        N/A       3%          1
 Static Discharge         Conj/Air       16%        N/A       4%          2
 Wereblood                Tmut           16%        N/A       4%          2
 Summon Guardian Golem    Hex/Summ       22%        N/A       4%          3
 Call Canine Familiar     Summ           16%        N/A       10%         3
 Spider Form              Tmut/Pois      16%        N/A       10%         3
 Iskenderun's Mystic Bla  Conj/Tloc      16%        2d5       32%         4
 Lightning Bolt           Conj/Air       8%         1d20      65%         5
 Manifold Assault         Tloc           16%        N/A       65%         5
 Starburst                Conj/Fire      8%         6d4       99%         6
 Storm Form               Tmut/Air       8%         N/A       100%        7
 Maxwell's Capacitive Co  Air            8%         ∞         100%        8


Dungeon Overview and Level Annotations

Branches:
Dungeon (7/15)             Temple (1/1) D:5         Ossuary (visited)

Altars:
Ashenzari
Cheibriados
Dithmenos
Elyvilon
Fedhas
Gozag
Hepliaklqana
Makhleb
Okawaru
Ru
Sif Muna
Trog
Vehumet
Wu Jian
Xom
Yredelemnul
Zin

Annotations:
D:3 2 transporters, Dormantt's ghost, weakling DEFE
D:7 Joseph


Innate Abilities, Weirdness & Mutations

You have very sharp teeth.
Your uncanny sense of smell can sniff out nearby items.
Your experience applies equally to all skills.


Message History

Press: ? - help, Shift-Dir - straight line, f/p - Joseph
Aim: Joseph, wielding a +0 hunting sling, wearing a +0 leather armour, quivering sling bullets and carrying a wand of iceblast (12) (umbra, chance to affect: 37%) Joseph easily resists.
The wyvern zombie bites you!
Joseph unwields a +0 hunting sling.
Joseph wields a +0 quarterstaff.
Joseph hits you with a +0 quarterstaff!
Casting: Ensorcelled Hibernation (safe; 2% risk of failure)
Confirm with . or Enter, or press ? or * to list all spells.
Aiming: Ensorcelled Hibernation (safe; 2% risk of failure)
Press: ? - help, Shift-Dir - straight line, f/p - Joseph
Aim: Joseph, wielding a +0 quarterstaff, wearing a +0 leather armour, quivering sling bullets and carrying a wand of iceblast (12) (umbra, chance to affect: 37%)
You miscast Ensorcelled Hibernation.
You are very lightly contaminated with residual magic.
Nothing appears to happen.
The wyvern zombie misses you.
Joseph says, "It's nothing personal, but I have to kill you."
Joseph hits you with a +0 quarterstaff!
Casting: Ensorcelled Hibernation (safe; 2% risk of failure)
Confirm with . or Enter, or press ? or * to list all spells.
Aiming: Ensorcelled Hibernation (safe; 2% risk of failure)
Press: ? - help, Shift-Dir - straight line, f/p - Joseph
Aim: Joseph, wielding a +0 quarterstaff, wearing a +0 leather armour, quivering sling bullets and carrying a wand of iceblast (12) (umbra, chance to affect: 37%) Joseph easily resists.
The wyvern zombie bites you!
* * * LOW HITPOINT WARNING * * *
Joseph closely misses you.
The wyvern zombie completely misses you.
Okay, then.
Casting: Ensorcelled Hibernation (safe; 2% risk of failure)
Confirm with . or Enter, or press ? or * to list all spells.
You blink.
The wyvern zombie bites you.
* * * LOW HITPOINT WARNING * * *
Joseph misses you.
Unknown command.
Casting: Blink (safe; 4% risk of failure)
Confirm with . or Enter, or press ? or * to list all spells.
You are still too unstable to blink.
Unknown command.
Casting: Blink (safe; 4% risk of failure)
Confirm with . or Enter, or press ? or * to list all spells.
Okay, then.
Joseph hits you with a +0 quarterstaff!
You die...

...........#
...........#
...........#
..>.......#
#........#
#+#........#
...........#
..........#
...!...@@.#
.......Z..#
..........#
..........# #######
.....#....#####<....#
.#####......(.).).#.#
#....#######.#.#
#[...# #...# #.....
#####


You could see Joseph and a wyvern zombie.

Vanquished Creatures
  Sigmund (D:5)
  A steam dragon (D:6)
  A sky beast (D:6)
  An orc warrior (D:6)
  2 ogres
  Blork the orc (D:5)
  A phantom (D:5)
  A kobold brigand (D:6)
  A bullfrog (D:6)
  2 wights (D:6)
  A centaur zombie (Ossuary)
  A centaur skeleton (D:5)
  A bullfrog skeleton (D:5)
  A human zombie (Ossuary)
  A jelly (D:6)
  2 orc priests (D:6)
  2 hounds
  Natasha (thrice) (D:3)
  An orc wizard (D:6)
  A hound skeleton (D:5)
  2 mummies (Ossuary)
  10 adders
  3 gnolls (D:2)
  A shadow imp (D:6)
  An adder zombie (Ossuary)
  3 dart slugs
  5 orcs
  4 ball pythons (D:1)
  5 endoplasms
  5 giant cockroaches
  6 goblins
  5 hobgoblins
  3 jackals (D:3)
  11 kobolds
  4 quokkas
  A bat (D:2)
  2 frilled lizards (D:2)
  A goblin zombie (Ossuary)
  8 hobgoblin zombies (Ossuary)
  2 jackal zombies (Ossuary)
  9 kobold zombies (Ossuary)
  11 orc zombies (Ossuary)
  7 rats
  2 rat zombies (Ossuary)
137 creatures vanquished.

Vanquished Creatures (collateral kills)
  A wight (D:6)
1 creature vanquished.

Vanquished Creatures (others)
  A dancing weapon (D:6)
1 creature vanquished.

Grand Total: 139 creatures vanquished

Notes
Turn   | Place    | Note
-------+----------+-------------------------------------------
     0 | D:1      | zeram the Gnoll Enchanter began the quest for the Orb.
     0 | D:1      | Reached XP level 1. HP: 13/13 MP: 6/6
   274 | D:1      | Reached XP level 2. HP: 11/19 MP: 7/7
   861 | D:1      | Learned a level 2 spell: Ensorcelled Hibernation
  1000 | D:1      | Found a faded altar of an unknown god.
  1446 | D:1      | Reached XP level 3. HP: 18/25 MP: 5/9
  1543 | D:1      | Learned a level 3 spell: Tukima's Dance
  1547 | D:1      | Learned a level 3 spell: Dazzling Flash
  1587 | D:2      | Reached skill level 5 in Spellcasting
  1648 | D:2      | Reached skill level 6 in Stealth
  1868 | D:2      | Reached skill level 1 in Invocations
  2132 | D:2      | Reached skill level 1 in Fighting
  2132 | D:2      | Reached skill level 1 in Long Blades
  2132 | D:2      | Reached skill level 1 in Axes
  2132 | D:2      | Reached skill level 1 in Maces & Flails
  2132 | D:2      | Reached skill level 1 in Polearms
  2132 | D:2      | Reached skill level 1 in Staves
  2132 | D:2      | Reached skill level 1 in Slings
  2132 | D:2      | Reached skill level 1 in Bows
  2132 | D:2      | Reached skill level 1 in Crossbows
  2132 | D:2      | Reached skill level 1 in Throwing
  2132 | D:2      | Reached skill level 1 in Armour
  2132 | D:2      | Reached skill level 1 in Shields
  2132 | D:2      | Reached skill level 1 in Unarmed Combat
  2132 | D:2      | Reached skill level 1 in Evocations
  2447 | D:2      | Reached XP level 4. HP: 32/32 MP: 11/11
  2575 | D:2      | Reached skill level 1 in Conjurations
  2575 | D:2      | Reached skill level 1 in Summonings
  2575 | D:2      | Reached skill level 1 in Necromancy
  2575 | D:2      | Reached skill level 1 in Translocations
  2575 | D:2      | Reached skill level 1 in Transmutations
  2575 | D:2      | Reached skill level 1 in Fire Magic
  2575 | D:2      | Reached skill level 1 in Ice Magic
  2575 | D:2      | Reached skill level 1 in Air Magic
  2575 | D:2      | Reached skill level 1 in Earth Magic
  2575 | D:2      | Reached skill level 1 in Poison Magic
  2963 | D:3      | Found a transporter.
  2967 | D:3      | Noticed Dormantt's ghost (weakling DEFE)
  3012 | D:3      | Found a sacrificial altar of Ru.
  3028 | D:3      | Reached XP level 5. HP: 37/37 MP: 9/12
  3123 | D:3      | Noticed Natasha
  3129 | D:3      | Killed Natasha
  3320 | D:3      | Found a transporter.
  3572 | D:3      | Noticed Natasha
  3583 | D:3      | Killed Natasha
  3604 | D:3      | Noticed Natasha
  3612 | D:3      | Killed Natasha
  4056 | D:4      | Reached XP level 6. HP: 44/44 MP: 13/13
  4506 | D:5      | Entered Level 5 of the Dungeon
  4542 | D:5      | Reached skill level 5 in Dodging
  4768 | D:5      | Found a broken altar of Ashenzari.
  4777 | D:5      | Noticed Sigmund
  4778 | D:5      | Noticed Blork the orc
  5030 | D:5      | Identified the +6 falchion "Ehikloa" {pain, +Blink}
  5033 | D:5      | Reached XP level 7. HP: 50/50 MP: 12/15
  5159 | D:5      | Killed Blork the orc
  5523 | D:5      | Killed Sigmund
  5686 | D:5      | Found a staircase to the Ecumenical Temple.
  5745 | Temple   | Entered the Ecumenical Temple
  5940 | Temple   | Became a worshipper of Dithmenos the Shadowed
  6093 | D:6      | Reached XP level 8. HP: 15/54 MP: 9/16
  6566 | D:6      | Found a sand-covered staircase.
  6571 | Ossuary  | Entered an ossuary
  6665 | Ossuary  | Reached * piety under Dithmenos
  6849 | Ossuary  | Reached skill level 7 in Stealth
  7049 | Ossuary  | Learned a level 2 spell: Blink
  7217 | D:6      | Reached ** piety under Dithmenos
  7983 | D:6      | Reached XP level 9. HP: 61/65 MP: 13/18
  8093 | D:7      | Noticed Joseph
  8105 | D:7      | Slain by Joseph

Illustrated notes

Levels and vault maps discovered:
D:1:      dpeg_arrival_snail, layout_rooms, basic_ecumenical_altar,
          minmay_misc_feat_four_crosses, serial_bayou_pond_e
D:2:      layout_basic
D:3:      layout_basic, hangedman_ru_absence, gammafunk_ghost_mausoleum,
          uniq_natasha
D:4:      layout_cave_pools
D:5:      layout_basic, ashenzari_conservatory_becter,
          minmay_temple_entry_fiery, uniq_sigmund, uniq_blork_the_orc
D:6:      layout_loops_ring, nicolae_ossuary_entry_plus
D:7:      layout_basic, nicolae_shop_self_help, uniq_harold, uniq_joseph
Temple:   regret_index_temple_generic_petals

Skill      XL: |  1  2  3  4  5  6  7  8 |
---------------+-------------------------+-----
Spellcasting   | 5 6 |  6.3
Stealth        | 6 7 |  7.1
Invocations    | 1 2 3 4 |  4.1
Fighting       | 1 2 3 |  3.8
Long Blades    | 1 2 3 |  3.8
Axes           | 1 2 3 |  3.8
Maces & Flails | 1 2 3 |  3.8
Polearms       | 1 2 3 |  3.8
Staves         | 1 2 3 |  3.8
Slings         | 1 2 3 |  3.8
Bows           | 1 2 3 |  3.8
Crossbows      | 1 2 3 |  3.8
Throwing       | 1 2 3 |  3.8
Armour         | 1 2 3 |  3.8
Shields        | 1 2 3 |  3.8
Unarmed Combat | 1 2 3 |  3.8
Evocations     | 1 2 3 |  3.8
Conjurations   | 1 2 3 |  3.1
Summonings     | 1 2 3 |  3.1
Necromancy     | 1 2 3 |  3.1
Translocations | 1 2 3 |  3.1
Transmutations | 1 2 3 |  3.1
Fire Magic     | 1 2 3 |  3.1
Ice Magic      | 1 2 3 |  3.1
Air Magic      | 1 2 3 |  3.1
Earth Magic    | 1 2 3 |  3.1
Poison Magic   | 1 2 3 |  3.1
Short Blades   | 3 4 |  4.6
Dodging        | 5 6 |  6.0
Hexes          | 6 |  6.3

Action                   |  1- 3 |  4- 6 |  7- 9 || total
-------------------------+-------+-------+-------++-------
Melee: Dagger            |   146 |    61 |   261 ||   468
       Bite              |    12 |     4 |    34 ||    50
       Punch             |       |       |     6 ||     6
 Cast: Ensorcelled Hiber |    11 |    35 |    26 ||    72
       Tukima's Dance    |       |       |     3 ||     3
       Dazzling Flash    |       |       |     2 ||     2
       Blink             |       |       |     1 ||     1
  Use: Scroll            |       |    10 |     8 ||    18
       Potion            |       |     1 |     1 ||     2
 Stab: Sleeping          |    12 |    28 |    21 ||    61
       Invisible         |       |     1 |     1 ||     2
Armor: Robe              |    20 |    16 |    45 ||    81
Dodge: Dodged            |    88 |    41 |   168 ||   297
